 Dungeon Crawl Stone Soup version 0.29-a0-321-gf1c400731a (webtiles) character file.

Game seed: 1548127879646155459

39 kae the Firebug (level 3, -2/20 HPs)
             Began as a Tengu Fire Elementalist on Apr 4, 2022.
             Killed from afar by a white imp (8 damage)
             ... with a puff of frost
             ... summoned by Natasha
             ... on level 2 of the Dungeon.
             The game lasted 00:01:21 (1809 turns).

kae the Firebug (Tengu Fire Elementalist)           Turns: 1809, Time: 00:01:22

Health: -2/20      AC:  2    Str:  8    XL:     3   Next: 47%
Magic:  3/7        EV: 12    Int: 17    God:
Gold:   103        SH:  0    Dex: 14    Spells: 5/6 levels left

rFire   . . .      SeeInvis .   (no weapon)
rCold   . . .      Faith    .   (no shield)
rNeg    . . .      Spirit   .   a - +0 robe
rPois   .          Reflect  .   (helmet restricted)
rElec   .          Harm     .   (no cloak)
rCorr   .          Rampage  .   (no gloves)
Will    .....                   (boots unavailable)
Stlth   ++........              (no amulet)
HPRegen 0.06/turn               (no ring)
MPRegen 0.10/turn               (no ring)

@: no status effects
A: beak, talons 3
a: no special abilities


You were on level 2 of the Dungeon.
You visited 1 branch of the dungeon, and saw 2 of its levels.

You collected 103 gold pieces.

Inventory:

Armour
 a - a +0 robe (worn)
Scrolls
 c - a scroll of immolation {unknown}
 d - a scroll of vulnerability
Potions
 b - a potion of magic
 f - a potion of heal wounds
 g - a potion of mutation
 h - a potion of flight {unknown}
 i - a potion of lignification {unknown}


   Skills:
 + Level 1.0 Fighting
 + Level 0.8 Armour
 + Level 2.4 Dodging
 - Level 2.0 Stealth
 + Level 2.1 Spellcasting
 + Level 1.9 Conjurations
 * Level 4.0 Fire Magic


You had 5 spell levels left.
You knew the following spells:

 Your Spells              Type           Power      Damage    Failure   Level
a - Foxfire               Conj/Fire      48%        2x1d6     5%          1

Your spell library contained the following spells:

 Spells                   Type           Power      Damage    Failure   Level
 Scorch                   Fire           30%        2d6       5%          2
 Conjure Flame            Conj/Fire      12%        6-21      17%         3
 Inner Flame              Hex/Fire       8%         N/A       26%         3
 Flame Wave               Conj/Fire      12%        2d6       50%         4
 Animate Dead             Necr           0%         N/A       88%         4
 Haunt                    Necr/Summ      0%         N/A       100%        7
 Infestation              Necr           0%         N/A       100%        8


Dungeon Overview and Level Annotations

Branches:
Dungeon (2/15)

Altars:

Annotations:
D:2 Natasha


Innate Abilities, Weirdness & Mutations

You have a beak for a mouth.
You have claws for feet.


Message History

Nothing appears to happen.
Natasha is nearby!
Natasha is nearby!
Casting: Foxfire (safe; 5% risk of failure)
Confirm with . or Enter, or press ? or * to list all spells.
You conjure some foxfire!
Natasha hisses angrily.
Natasha casts a spell.
The foxfire hits the white imp.
The white imp is burned terribly!
The white imp is moderately wounded.
The foxfire hits the white imp.
The white imp is burned terribly!
The white imp is heavily wounded.
Casting: Foxfire (safe; 5% risk of failure)
Confirm with . or Enter, or press ? or * to list all spells.
You conjure some foxfire!
The foxfire hits the white imp but does no damage.
The white imp is heavily wounded.
The foxfire hits the white imp.
The white imp is burned terribly!
The white imp is severely wounded.
Natasha zaps a wand.
You hear a grinding noise.
The white imp disappears for a moment.
The white imp gestures at you. The puff of frost hits you.
Casting: Foxfire (safe; 5% risk of failure)
Confirm with . or Enter, or press ? or * to list all spells.
You conjure some foxfire!
Natasha howls an incantation.
Natasha's front paws start to glow.
Natasha mumbles some strange words.
The white imp gestures at you. The puff of frost hits you!
* * * LOW HITPOINT WARNING * * *
Your magical contamination has completely faded away.
Okay, then.
You hear a zap.
Some rock shatters into small pieces.
Okay, then.
The white imp gestures at you. The puff of frost hits you!
You die...

..≈≈ .#≈≈ .≈≈≈≈
h#≈ .≈≈≈≈ 5.#
....≈≈≈≈≈ ..
....≈≈v≈≈ 5#
...≈§≈#§###.#
...§≈......#
#.§≈##..#.#
##.#..##.#@###≈
......§.####≈≈≈
##.#.#...≈≈≈≈≈.
#.##........
#.#..#...... #
#........###
#.#.###.###.....#
#.......####...##
###........##..#


You could see a white imp (summoned).

Vanquished Creatures
  A dart slug (D:1)
  3 ball pythons (D:1)
  A bat (D:1)
  3 endoplasms (D:1)
  3 giant cockroaches
  3 goblins (D:1)
  4 hobgoblins (D:1)
  4 quokkas (D:1)
  3 frilled lizards (D:1)
  4 kobolds (D:1)
  4 rats
33 creatures vanquished.

Vanquished Creatures (collateral kills)
  2 foxfires (D:2)
2 creatures vanquished.

Vanquished Creatures (others)
  105 foxfires
  2 withered plants (D:2)
107 creatures vanquished.

Grand Total: 142 creatures vanquished

Notes
Turn   | Place    | Note
-------+----------+-------------------------------------------
     0 | D:1      | kae the Tengu Fire Elementalist began the quest for the
                  | Orb.
     0 | D:1      | Reached XP level 1. HP: 10/10 MP: 4/4
   387 | D:1      | Reached XP level 2. HP: 8/15 MP: 4/6
   984 | D:1      | Reached XP level 3. HP: 12/20 MP: 3/7
  1312 | D:1      | Reached skill level 4 in Fire Magic
  1628 | D:2      | Found a faded altar of an unknown god.
  1764 | D:2      | Reached skill level 1 in Fighting
  1800 | D:2      | Noticed Natasha
  1809 | D:2      | Killed from afar by a white imp

Illustrated notes

Levels and vault maps discovered:
D:1:      dpeg_cavernosity, layout_loops_ring
D:2:      layout_loops_corners, ebering_ecumenical_altar_petrified,
          grunt_decor_junction, uniq_natasha

Skill      XL: |  1  2  3 |
---------------+----------+-----
Fire Magic     | 4 |  4.0
Fighting       | 1 |  1.0
Armour         | |  0.8
Dodging        | |  2.4
Stealth        | |  2.0
Spellcasting   | |  2.1
Conjurations   | |  1.9

Action                   || total
-------------------------++-------
Melee: Unarmed           ||    11
       Kick              ||     4
       Peck              ||     1
 Cast: Foxfire           ||    67
  Use: Scroll            ||     4
Armor: Robe              ||     2
Dodge: Dodged            ||    15

Table legend: (Time is in decaauts)
 A = Elapsed time spent in this place.
 B = Non-inter-level travel time spent in this place.
 C = Inter-level travel time spent in this place.
 D = Time resting spent in this place.
 E = Time spent auto-exploring this place.
 F = Levels seen in this place.
 G = Mean time per level.
                   A        B        C        D        E       F      G
               +--------+--------+--------+--------+--------+-----+--------+
         Total |   1808 |   1790 |     18 |    102 |   1459 |   2 |  904.0 |
       Dungeon |   1808 |   1790 |     18 |    102 |   1459 |   2 |  904.0 |
               +--------+--------+--------+--------+--------+-----+--------+

Top non-repeatable levels by time:
     D:1: 1540 daAuts
     D:2: 268 daAuts
